 Dungeon Crawl Stone Soup version 0.31.0-32-g396128a36d (webtiles) character file.

Game seed: 11502766308584808009

275 Alphaeus the Ruffian (level 6, -4/57 HPs)
             Began as a Troll Shapeshifter on Mar 19, 2024.
             Slain by Grinder (7 damage)
             ... on level 3 of the Dungeon.
             The game lasted 00:01:41 (1804 turns).

Alphaeus the Ruffian (Troll Shapeshifter)           Turns: 1804, Time: 00:01:42

Health: -4/57      AC:  0    Str: 25    XL:     6   Next: 3%
Magic:  5/5        EV: 14    Int:  6    God:
Gold:   90         SH:  0    Dex:  9    Spells: 5/5 levels left

rFire   + .          .
                       - Unarmed
rCold   + . .        (shield currently unavailable)
rNeg    . . .        a - melded +0 animal skin
rPois   +            (helmet currently unavailable)
rElec   +            (cloak currently unavailable)
rCorr   +            (gloves unavailable)
SInv    .            (boots unavailable)
Will    .....        (no amulet)
Stlth   +            (ring currently unavailable)
HPRegen 1.09/turn    (ring currently unavailable)
MPRegen 0.09/turn

%: no passive effects
@: pig-form (expiring), resistant, very quick
A: fast, no casting, small, unfitting armour, (claws 3), regeneration 1, (shaggy
fur 1), (tough skin 1)
a: no special abilities


You were on level 3 of the Dungeon.
You were a filthy swine.
You visited 1 branch of the dungeon, and saw 3 of its levels.

You collected 90 gold pieces.

Inventory:

Armour
 a - a +0 animal skin (melded)
Jewellery
 p - a +6 ring of dexterity
 s - an amulet of guardian spirit
Talismans
 c - a beast talisman
 d - a flux talisman
 e - a serpent talisman
Scrolls
 f - 2 scrolls of vulnerability {unknown}
 g - a scroll of enchant weapon {unknown}
 h - 4 scrolls of teleportation {unknown}
 i - a scroll of blinking {unknown}
 j - 2 scrolls of identify {unknown}
 k - 2 scrolls of fog {unknown}
 r - a scroll of noise {unknown}
 u - a scroll of fear {unknown}
Potions
 b - a potion of lignification
 l - a potion of attraction {unknown}
 m - a potion of mutation {unknown}
 n - a potion of cancellation {unknown}
 o - a potion of resistance
 q - a potion of haste {unknown}
 t - 2 potions of brilliance {unknown}


   Skills:
 + Level 2.1 Fighting
 - Level 1.5 Dodging
 * Level 4.9 Unarmed Combat
 * Level 4.6 Shapeshifting


You had 5 spell levels left.
You didn't know any spells.
Your spell library contained the following spells:

 Spells                   Type           Power      Damage    Failure   Level
 Animate Armour           Summ/Erth      0%         N/A       99%         4
 Summon Lightning Spire   Summ/Air       0%         N/A       99%         4
 Lee's Rapid Deconstruct  Erth           0%         3d4*      100%        5


Dungeon Overview and Level Annotations

Branches:
Dungeon (3/15)

Altars:

Annotations:
D:3 Grinder


Innate Abilities, Weirdness & Mutations

You are a filthy swine.
You move quickly.
Your equipment is almost entirely melded.
You are incapable of wielding weapons or throwing items.
You cannot cast spells.
You are too large for most types of armour.
((You have claws for hands.))
Your natural rate of healing is unusually fast.
((You are covered in fur. (AC +1)))
((You have tough skin. (AC +1)))


Message History

Grinder hits you.
You writhe in agony.
You barely miss Grinder. You closely miss Grinder. Grinder hits you.
You writhe in agony.
You completely miss Grinder. Grinder gestures at you.
Pain shoots through your body!
Unknown command.
You barely miss Grinder. Grinder closely misses you.
You closely miss Grinder. Grinder closely misses you.
You hit Grinder but do no damage. Grinder gestures at you.
Pain shoots through your body!
Unknown command.
You closely miss Grinder. Grinder gestures at you.
Pain shoots through your body!
You closely miss Grinder. Grinder gestures at you.
You barely resist. You barely miss Grinder. Grinder closely misses you.
You hit Grinder.
Grinder is lightly wounded.
You hit Grinder.
Grinder is lightly wounded.
Your transformation is almost over.
Grinder hits you!
* * * LOW HITPOINT WARNING * * *
You writhe in agony.
* * * LOW HITPOINT WARNING * * *
You hit Grinder.
Grinder is lightly wounded.
Grinder hits you.
* * * LOW HITPOINT WARNING * * *
You writhe in agony.
* * * LOW HITPOINT WARNING * * *
It was a potion of resistance.
You feel protected. Grinder hits you!
You die...
Grinder says, "Now the real fun starts!"

#.# ######.##....#
###########.###........<...#
#.....)..............##...##
###[######.##.###.####.###.##
.................... ......#
#.......###..##.###..#####
####..........[..... ...#
...........###5.#######[#
###.#.<...###h.#######.# #
###.............#
##.#####..####.# ..........#
#.# ...#####..# #.# #.#.#
#..## #.# #.# #...# #.# .#
##..# #.# ######..###.#


You could see Grinder.

Vanquished Creatures
  Sigmund (D:2)
  Terence (D:3)
  Robin (D:3)
  A gnoll (D:1)
  2 adders (D:2)
  3 dart slugs
  A ribbon worm (D:3)
  An orc (D:3)
  3 ball pythons
  5 endoplasms
  3 giant cockroaches
  9 goblins
  8 hobgoblins
  A quokka (D:1)
  A bat (D:3)
  A frilled lizard (D:2)
  2 kobolds
  2 rats (D:1)
46 creatures vanquished.

Notes
Turn   | Place    | Note
-------+----------+-------------------------------------------
     0 | D:1      | Alphaeus the Troll Shapeshifter began the quest for the
                  | Orb.
     0 | D:1      | Reached XP level 1. HP: 18/18 MP: 0/0
   277 | D:1      | Found a faded altar of an unknown god.
   319 | D:1      | Reached skill level 1 in Fighting
   470 | D:1      | Reached XP level 2. HP: 27/27 MP: 1/1
  1002 | D:2      | Reached XP level 3. HP: 33/33 MP: 2/2
  1029 | D:2      | Noticed Sigmund
  1049 | D:2      | Killed Sigmund
  1050 | D:2      | Reached XP level 4. HP: 39/42 MP: 3/3
  1050 | D:2      | Reached XP level 5. HP: 46/49 MP: 4/4
  1454 | D:3      | Noticed Terence
  1462 | D:3      | Killed Terence
  1692 | D:3      | Noticed Robin
  1721 | D:3      | Killed Robin
  1722 | D:3      | Reached XP level 6. HP: 18/57 MP: 5/5
  1786 | D:3      | Noticed Grinder
  1787 | D:3      | Paralysed by Grinder for 3 turns
  1803 | D:3      | HP: 2/57 [Grinder (3)]
  1804 | D:3      | Slain by Grinder

Illustrated notes

Levels and vault maps discovered:
D:1:      erik_arrival_triangle_large, layout_loops_ring,
          dreamdust_ecumenical_altar_hidden_monk_grotto, serial_forest,
          infiniplex_forest_clump_C, infiniplex_forest_clump_double,
          infiniplex_forest_lined_ring, infiniplex_forest_clump_medium,
          infiniplex_forest_join, infiniplex_forest_lined_3_way,
          infiniplex_forest_end_double, infiniplex_forest_straight_3,
          infiniplex_forest_clump_medium, infiniplex_forest_straight_4
D:2:      layout_loops_cross, uniq_sigmund
D:3:      layout_loops_ring, uniq_grinder, uniq_robin, uniq_terence

Skill      XL: |  1  2  3 |
---------------+----------+-----
Fighting       | 1 2 |  2.1
Unarmed Combat | 4 |  4.9
Shapeshifting  | 4 |  4.6
Dodging        | |  1.5

Action                     |  1- 3 |  4- 6 || total
---------------------------+-------+-------++-------
  Melee: Unarmed           |    37 |    78 ||   115
         Punch             |       |     1 ||     1
    Use: Potion            |       |     1 ||     1
   Stab: Sleeping          |     1 |       ||     1
 Armour: Animal skin       |    18 |    52 ||    70
         Skin              |       |     5 ||     5
  Dodge: Dodged            |    12 |    25 ||    37
